Map: Ephemeron LE

Players

LiquidTaeJa (TaeJa) - Winner!

  • Race: Terran Terran
  • League: Grandmaster
  • Spawn Location: 5:00

Toodming

  • Race: Zerg Zerg
  • League: Master
  • Spawn Location: 11:00

VOD

Have the link to the VOD?

Description

Time

  • Played on: Jan. 8, 2020, 5:47 a.m.
  • Length: 9:17
Show
View Real Time Build Order
Export as new Build Order

LiquidTaeJa Terran - Winner!

Build Orders: Hellion Opening, Reaper Expand, Mech 

Get SALT Encoding   

  12  0:00  SCV  
  13  0:12  SCV  
  14  0:17  Supply Depot  
  14  0:24  SCV  
  15  0:38  SCV  
  15  0:40  Barracks  
  16  0:44  Refinery  
  16  0:50  SCV  
  17  1:02  SCV  
  18  1:14  SCV  
  19  1:26  Orbital Command, Reaper  
  20  1:40  Command Center  
  20  1:50  Supply Depot  
  20  1:52  SCV  
  21  1:58  Marine  
  22  2:04  SCV  
  22  2:08  Factory  
  23  2:15  Bunker  
  23  2:17  SCV  
  23  2:20  Barracks Reactor  
  24  2:29  SCV  
  25  2:30  Refinery  
  25  2:41  SCV  
  26  2:52  Orbital Command  
  26  2:55  SCV  
  27  3:00  Starport  
  27  3:03  Hellion  
  27  3:04  Hellion  
  31  3:11  SCV  
  32  3:24  SCV x2  
  38  3:27  Hellion x2  
  38  3:36  SCV x2, Fusion Core  
  38  3:37  Starport Tech Lab  
  40  3:42  Supply Depot  
  40  3:48  SCV x2  
  41  3:49  Hellion x2  
  46  3:56  Supply Depot  
  46  4:03  SCV x2  
  48  4:16  SCV x2  
  46  4:24  Battlecruiser  
  46  4:28  SCV x2  
  46  4:30  Command Center  
  54  4:36  Supply Depot  
  54  4:40  SCV x2  
  54  4:41  Refinery x2  
  60  4:45  Hellion x2  
  57  4:54  SCV x2  
  57  4:57  Bunker  
  53  5:03  Marine  
  53  5:06  SCV  
  53  5:07  SCV, Factory  
  56  5:08  Factory  
  56  5:13  Hellion  
  56  5:14  Hellion  
  60  5:19  SCV x2  
  61  5:23  Weapon Refit  
  61  5:25  Supply Depot  
  61  5:26  Barracks Tech Lab  
  61  5:31  SCV x2  
  62  5:36  Hellion x2  
  66  5:43  SCV x2  
  66  5:46  Orbital Command  
  68  5:53  Battlecruiser  
  68  5:56  Factory Tech Lab  
  74  5:57  SCV x2  
  76  6:06  Hellion x2  
  76  6:09  SCV x2  
  82  6:15  Siege Tank  
  85  6:20  Orbital Command  
  85  6:23  SCV  
  85  6:24  SCV, Siege Tank  
  86  6:33  Supply Depot, Hellion  
  86  6:34  Supply Depot, Hellion  
  86  6:35  SCV  
  86  6:36  SCV  
  86  6:37  Refinery  
  86  6:39  Refinery  
  92  6:45  Armory x2  
  92  6:46  SCV  
  93  6:55  SCV x2  
  93  6:57  Supply Depot  
  93  6:58  SCV  
  96  7:03  Battlecruiser  
  96  7:07  SCV  
  103  7:09  SCV, Hellion x2  
  103  7:10  SCV  
  109  7:19  SCV  
  109  7:21  Supply Depot x2  
  109  7:22  SCV, Siege Tank x2  
  117  7:39  Barracks Reactor  
  117  7:41  Factory x2  
  117  7:42  SCV x3  
  120  7:45  Supply Depot, Engineering Bay  
  120  7:48  Supply Depot  
  120  7:54  SCV x2  
  122  8:01  Hellion x2  
  122  8:02  Siege Tank x2  
  122  8:04  SCV  
  127  8:07  SCV x2  
  127  8:09  Command Center  
  127  8:11  Missile Turret  
  129  8:17  Missile Turret  
  129  8:32  Missile Turret  
  129  8:33  Hellion  
  129  8:34  Hellion  
  131  8:35  Factory Tech Lab  
  131  8:42  Siege Tank x2  
  131  8:48  Supply Depot  
  137  8:49  Supply Depot  
  137  8:50  Supply Depot  
  137  8:51  Hellion x2  
Show
View Real Time Build Order
Export as new Build Order

Toodming Zerg 

Build Orders: Hatch First 

Get SALT Encoding   

  12  0:01  Drone  
  13  0:13  Overlord  
  13  0:17  Drone  
  14  0:31  Drone x2  
  16  0:50  Hatchery  
  16  0:53  Drone  
  16  0:57  Drone  
  17  1:00  Drone  
  18  1:11  Extractor  
  18  1:15  Spawning Pool  
  16  1:18  Drone  
  16  1:22  Drone  
  18  1:30  Drone  
  19  1:40  Drone  
  20  1:50  Drone  
  21  2:02  Queen x2  
  21  2:03  Zergling x4  
  27  2:20  Overlord  
  27  2:26  Extractor  
  25  2:30  Drone x2  
  25  2:34  Hatchery  
  27  2:37  Spore Crawler  
  27  2:40  Extractor  
  27  2:43  Queen  
  29  2:47  Overlord  
  29  2:51  Metabolic Boost  
  29  2:57  Drone x2  
  31  3:01  Drone  
  31  3:03  Drone  
  33  3:07  Drone x2  
  33  3:10  Drone  
  36  3:15  Drone x2  
  36  3:17  Drone  
  38  3:21  Drone  
  38  3:24  Drone  
  40  3:33  Roach Warren  
  39  3:37  Extractor  
  39  3:38  Extractor  
  39  3:40  Drone x2  
  39  3:41  Drone x2  
  41  3:50  Drone x2  
  44  3:57  Overlord  
  44  3:58  Overlord  
  44  3:59  Overlord  
  43  4:08  Drone x2  
  45  4:14  Zergling x6  
  43  4:30  Roach  
  43  4:31  Roach x6  
  56  4:39  Drone x2  
  56  4:41  Drone x2  
  56  4:42  Drone  
  56  4:43  Drone  
  60  4:55  Drone x2  
  60  4:58  Drone x2  
  60  4:59  Drone  
  63  5:02  Overlord  
  63  5:04  Drone x3  
  66  5:07  Drone x2  
  66  5:11  Drone x2  
  66  5:12  Drone  
  71  5:14  Drone  
  71  5:23  Overlord  
  71  5:24  Queen  
  71  5:26  Queen  
  75  5:35  Spore Crawler  
  72  5:37  Spore Crawler x2  
  68  5:43  Spore Crawler, Drone  
  68  5:44  Drone x6  
  68  5:45  Drone  
  74  5:51  Overlord  
  74  5:54  Lair  
  74  5:55  Drone x2  
  76  6:00  Overlord  
  76  6:02  Queen  
  75  6:13  Evolution Chamber  
  75  6:14  Drone, Evolution Chamber  
  75  6:15  Drone x6  
  72  6:19  Drone x3  
  72  6:21  Drone x3  
  72  6:22  Drone  
  72  6:24  Drone  
  80  6:27  Drone x2  
  80  6:28  Drone  
  80  6:30  Drone  
  84  6:36  Queen  
  84  6:38  Zerg Missile Weapons Level 1  
  86  6:45  Extractor  
  85  6:48  Overlord  
  85  6:50  Extractor, Drone x3  
  85  6:52  Pneumatized Carapace  
  87  7:00  Glial Reconstitution  
  85  7:09  Roach  
  85  7:10  Roach x3  
  85  7:14  Hatchery  
  92  7:17  Extractor  
  92  7:20  Queen x2  
  93  7:27  Overlord  
  89  7:38  Roach x8  
  89  7:39  Overlord x3  
  89  7:40  Overlord  
  105  8:02  Overlord  
  105  8:04  Queen x3  
  111  8:06  Overlord  
  111  8:10  Roach x10  
  131  8:18  Overlord  
  131  8:19  Overlord x3  
  128  8:28  Ravager x2  
  128  8:29  Ravager x7  
  137  8:37  Roach x5  
  147  8:51  Roach x4  
Tags
 
Add a new tag
Caveats
  • Supply blocks, unpowered buildings, or Contaminate may cause inaccurate times.
  • Supply counts are checked every 10 seconds.